 Dungeon Sprint DCSS version 0.30-a0-390-g80c34de65d (webtiles) character file.

Game seed: 8270218574733112664

250201 rocky1 the Shatterer (level 20, 0/195 HPs)
             Began as a Formicid Fighter on Dec 5, 2022.
             Was the Champion of Cheibriados.
             Killed by divine providence
             ... invoked by a daeva
              (15 damage)
             ... in the Dungeon (Sprint VII: "The Pits").
             The game lasted 01:04:22 (13921 turns).

rocky1 the Shatterer (Formicid Fighter)            Turns: 13921, Time: 01:04:23

Health: 0/195      AC: 42    Str: 46    XL:     20   Next: 41%
Magic:  29/29      EV: 32    Int: 30    God:    Cheibriados [******]
Gold:   280        SH: 33    Dex: 28    Spells: 34/47 levels left

rFire   + . .      SeeInvis +    V - +7 glaive of World's End {vorpal, rC+ Will+ Str+3}
rCold   + + +      Faith    .    X - +5 tower shield {AC+3}
rNeg    + + .      Spirit   .    E - +6 chain mail "Uguz" {rElec rPois}
rPois   +          Reflect  .    (helmet unavailable)
rElec   +          Harm     .    O - +4 cloak
rCorr   +          Rampage  .    k - +2 pair of gloves of Shadows and Fog {Str+2}
Will    +++++                    N - +3 pair of mountain boots {steadfast, rC+}
Stlth   ..........               m - amulet of Midnight {Will++ Regen+ Stlth-}
HPRegen 1.32/turn                H - ring "Kanubbi" {+Blink rF+ rC+ rN++ MP-9}
MPRegen 0.21/turn                U - ring "Othir" {rC+ rCorr Int+3 SInv}

@: glowing, studying Ice Magic, very slow
A: permanent stasis, dig shafts and tunnels, antennae 3, four strong arms, cold
resistance 1
}: 2/3 runes: silver, iron
a: Dig, Renounce Religion, Bend Time, Temporal Distortion, Slouch, Step From
Time


You were in the Dungeon.
You worshipped Cheibriados.
Cheibriados was exalted by your worship.
You visited 1 branch You collected 280 gold pieces.

Inventory:

Hand Weapons
 b - a +2 arbalest of flaming
 g - a +7 vorpal longbow
 y - a +1 battleaxe of freezing
 K - a +0 triple crossbow of flaming
 V - the +7 glaive of World's End (weapon) {vorpal, rC+ Will+ Str+3}
   (You found it in the Dungeon)

   It inflicts extra damage upon your enemies.
   Str:       It affects your strength (+3).
   rC:        It protects you from cold.
   Will:      It increases your willpower.
Missiles
 o - 5 javelins (quivered)
Armour
 k - the +2 pair of gloves of Shadows and Fog (worn) {Str+2}
   (You found it in the Dungeon)

   Str:       It affects your strength (+2).
 E - the +6 chain mail "Uguz" (worn) {rElec rPois}
   (You found it in the Dungeon)

   rElec:     It insulates you from electricity.
   rPois:     It protects you from poison.
 N - the +3 pair of mountain boots (worn) {steadfast, rC+}
   (You found it in the Dungeon)

   It prevents involuntary movement, except for blinking, teleportation, or
   banishment.
   rC:        It protects you from cold.
 O - a +4 cloak (worn)
 X - a +5 tower shield of protection (worn)
Jewellery
 a - the amulet of Fukluass {Spirit Int+3}
   (You found it in the Dungeon)

   [amulet of guardian spirit]

   It causes incoming damage to be divided between your reserves of health and
   magic.
   Int:       It affects your intelligence (+3).
 m - the amulet of Midnight (around neck) {Will++ Regen+ Stlth-}
   (You found it in the Dungeon)

   [amulet of regeneration]

   Regen:     It increases your rate of health regeneration.
   Will:      It greatly increases your willpower.
   Stlth:     It makes you less stealthy.
 x - the ring "Oraruakh" {rC+ Int+4 Dex+6 Stlth+}
   (You found it in the Dungeon)

   [ring of dexterity]

   Int:       It affects your intelligence (+4).
   Dex:       It affects your dexterity (+6).
   rC:        It protects you from cold.
   Stlth:     It makes you more stealthy.
 z - the ring of Autotheism {rCorr Str-2 Dex+2 SInv}
   (You found it in the Dungeon)

   [ring of resist corrosion]

   Str:       It affects your strength (-2).
   Dex:       It affects your dexterity (+2).
   SInv:      It lets you see invisible.
   rCorr:     It protects you from acid and corrosion.
 B - the amulet "Kecun" {Reflect +Blink rElec rPois Dex-5 SH+5}
   (You found it in the Dungeon)

   [amulet of reflection]

   It reflects blocked missile attacks.
   Dex:       It affects your dexterity (-5).
   rElec:     It insulates you from electricity.
   rPois:     It protects you from poison.
   +Blink:    It lets you blink.
   SH:        It affects your SH (+5).
 G - the ring of the Black Skies {Wiz rPois rC- Dex+3}
   (You found it in the Dungeon)

   [ring of wizardry]

   It improves your spell success rate.
   Dex:       It affects your dexterity (+3).
   rC:        It makes you vulnerable to cold.
   rPois:     It protects you from poison.
 H - the ring "Kanubbi" (left hand) {+Blink rF+ rC+ rN++ MP-9}
   (You found it in the Dungeon)

   [ring of protection from fire]

   rF:        It protects you from fire.
   rC:        It protects you from cold.
   rN:        It greatly protects you from negative energy.
   MP:        It affects your magic capacity (-9).
   +Blink:    It lets you blink.
 I - the amulet of Ticali Hiost {Faith Int+8}
   (You found it in the Dungeon)

   [amulet of faith]

   It allows you to gain divine favour quickly.
   Int:       It affects your intelligence (+8).
 L - the ring of Spite {Str+4 Int+6 SInv}
   (You found it in the Dungeon)

   [ring of intelligence]

   Str:       It affects your strength (+4).
   Int:       It affects your intelligence (+6).
   SInv:      It lets you see invisible.
 M - the ring of Lijeod Nynu {rF+ Str+5 Int-2 Dex+6 Stlth+}
   (You found it in the Dungeon)

   [ring of dexterity]

   Str:       It affects your strength (+5).
   Int:       It affects your intelligence (-2).
   Dex:       It affects your dexterity (+6).
   rF:        It protects you from fire.
   Stlth:     It makes you more stealthy.
 P - the ring of Girag {rF+ rC+ Will+ Slay-3 Stlth+}
   (You found it in the Dungeon)

   [ring of willpower]

   Slay:      It affects your accuracy & damage with ranged weapons and melee
   (-3).
   rF:        It protects you from fire.
   rC:        It protects you from cold.
   Will:      It increases your willpower.
   Stlth:     It makes you more stealthy.
 U - the ring "Othir" (right hand) {rC+ rCorr Int+3 SInv}
   (You found it in the Dungeon)

   [ring of resist corrosion]

   Int:       It affects your intelligence (+3).
   rC:        It protects you from cold.
   SInv:      It lets you see invisible.
   rCorr:     It protects you from acid and corrosion.
Wands
 q - a wand of charming (10)
 r - a wand of roots (5)
Scrolls
 i - 5 scrolls of amnesia
 j - a scroll of summoning
 t - 3 scrolls of fear
 u - 6 scrolls of butterflies
 v - 5 scrolls of enchant armour
 w - 9 scrolls of enchant weapon
 A - 3 scrolls of identify
Potions
 c - a potion of resistance
 d - 3 potions of might
 e - 5 potions of curing
 f - 2 potions of heal wounds
 l - a potion of attraction
 p - 3 potions of magic
 C - 3 potions of cancellation
 F - 5 potions of brilliance
 Z - 2 potions of mutation
Miscellaneous
 n - a lightning rod (4/4)
 D - a phial of floods
 J - a phantom mirror


   Skills:
 + Level 26.4 Fighting
 - Level 17.8(27) Axes
 - Level 26.5(27) Maces & Flails
 - Level 24.0(26.0) Polearms
 - Level 19.3 Ranged Weapons
 + Level 26.4 Armour
 + Level 22.5 Dodging
 - Level 26.3 Shields
 + Level 14.2 Spellcasting
 + Level 14.2 Fire Magic
 - Level 15.0 Invocations
 - Level 12.0 Evocations


You had 34 spell levels left.
You knew the following spells:

 Your Spells              Type           Power      Damage    Failure   Level
a - Silence               Hex/Air        10%        N/A       71%         5
b - Ignition              Fire           41%        3d12      58%         8

Your spell library contained the following spells:

 Spells                   Type           Power      Damage    Failure   Level
 Ignite Poison            Fire/Tmut/Pois 49%        N/A       1%          3
 Kindle Blastsparks       Fire/Tloc/Air  98%        2d18      1%          3
 Sticky Flame             Conj/Fire      59%        2d7       1%          4
 Apportation              Tloc           42%        N/A       3%          1
 Beastly Appendage        Tmut           42%        N/A       3%          1
 Freeze                   Ice            84%        1d9       3%          1
 Kiss of Death            Conj/Necr      84%        2d11      3%          1
 Necrotise                Necr           84%        1d8       3%          1
 Shock                    Conj/Air       84%        1d8       3%          1
 Summon Small Mammal      Summ           84%        N/A       3%          1
 Ensorcelled Hibernation  Hex/Ice        42%        N/A       6%          2
 Confusing Touch          Hex            21%        N/A       12%         3
 Frozen Ramparts          Ice            42%        1d7       12%         3
 Hailstorm                Conj/Ice       21%        3d6       12%         3
 Mephitic Cloud           Conj/Pois/Air  21%        N/A       12%         3
 Ozocubu's Armour         Ice            21%        N/A       12%         3
 Airstrike                Air            10%        2d(2-18)  36%         4
 Anguish                  Hex/Necr       10%        N/A       36%         4
 Animate Dead             Necr           21%        N/A       36%         4
 Dispel Undead            Necr           21%        3d11      36%         4
 Fulminant Prism          Conj/Hex       10%        3d8       36%         4
 Ice Form                 Ice/Tmut       21%        N/A       36%         4
 Iskenderun's Mystic Bla  Conj/Tloc      21%        2d6       36%         4
 Manifold Assault         Tloc           21%        N/A       36%         4
 Passage of Golubria      Tloc           21%        N/A       36%         4
 Petrify                  Tmut/Erth      21%        N/A       36%         4
 Summon Ice Beast         Ice/Summ       21%        N/A       36%         4
 Summon Lightning Spire   Summ/Air       21%        N/A       36%         4
 Alistair's Intoxication  Tmut/Pois      14%        N/A       71%         5
 Arcjolt                  Conj/Air       10%        1d20      71%         5
 Lee's Rapid Deconstruct  Erth           10%        3d8*      71%         5
 Lightning Bolt           Conj/Air       10%        1d23      71%         5
 Metabolic Englaciation   Hex/Ice        10%        N/A       71%         5
 Summon Forest            Summ/Tloc      10%        N/A       71%         5
 Summon Mana Viper        Hex/Summ       21%        N/A       71%         5
 Statue Form              Tmut/Erth      14%        N/A       99%         6
 Summon Cactus Giant      Summ           10%        N/A       99%         6
 Haunt                    Necr/Summ      10%        N/A       100%        7
 Monstrous Menagerie      Summ           10%        N/A       100%        7
 Storm Form               Tmut/Air       10%        N/A       100%        7
 Borgnjor's Revivificati  Necr           10%        N/A       100%        8
 Infestation              Necr           10%        N/A       100%        8
 Lehudib's Crystal Spear  Conj/Erth      10%        10d4      100%        8
 Maxwell's Capacitive Co  Air            10%        ∞         100%        8
 Necromutation            Tmut/Necr      10%        N/A       100%        8
 Death's Door             Necr           10%        N/A       100%        9
 Dragon's Call            Summ           10%        N/A       100%        9
 Swiftness                Air            Unusable   N/A       N/A         3

Dungeon Overview and Level Annotations

Branches:
Dungeon (1/1)

Altars:
Ashenzari
Cheibriados
Dithmenos
Elyvilon
Fedhas
Gozag
Hepliaklqana
Kikubaaqudgha
Makhleb
Nemelex Xobeh
Okawaru
Qazlal
Ru
Sif Muna
Trog
Uskayaw
Vehumet
Wu Jian
Xom
Yredelemnul
Zin
The Shining One
Jiyva
Lugonu


Innate Abilities, Weirdness & Mutations

You cannot be hasted, slowed, berserked, paralysed or teleported.
You can dig through walls and to a lower floor.
You have a pair of large antennae on your head. (SInv)
Your four strong arms can wield two-handed weapons with a shield.
Your flesh is cold resistant. (rC+)


Message History

The daeva calls down the wrath of the Shining One upon you.
The Shining One smites you!
The daeva hits you but does no damage. x2
You block the daeva's attack. x2
The daeva calls down the wrath of the Shining One upon you.
The Shining One smites you!
You hear a shout! x2
Unknown command.
A daeva comes into view.
It is wielding a +3 scimitar of holy wrath.
You block the daeva's attack. The daeva completely misses you.
Unknown command.
The daeva calls down the wrath of the Shining One upon you.
The Shining One smites you! You block the angel's attack.
The angel hits you but does no damage.
The daeva calls down the wrath of the Shining One upon you.
The Shining One smites you! The angel hits you but does no damage.
You block the angel's attack.
Unknown command.
The angel attacks as you move away! You block the angel's attack. x2
The daeva completely misses you. The daeva barely misses you.
You block the angel's attack. x2
The daeva calls down the wrath of the Shining One upon you.
The Shining One smites you!
The daeva calls down the wrath of the Shining One upon you.
The Shining One smites you!
* * * LOW HITPOINT WARNING * * *
You block the angel's attack. The angel completely misses you.
The angel attacks as you move away! You block the angel's attack. x2
The angel no longer looks unusually strong.
The daeva calls down the wrath of the Shining One upon you.
The Shining One smites you!
* * * LOW HITPOINT WARNING * * *
The daeva calls down the wrath of the Shining One upon you.
The Shining One smites you!
* * * LOW HITPOINT WARNING * * *
The daeva calls down the wrath of the Shining One upon you.
The Shining One smites you!
* * * LOW HITPOINT WARNING * * *
The daeva calls down the wrath of the Shining One upon you.
The Shining One smites you!
You die... ####### A$A{{A{{{{{{{{{{ (AAA{A{{{{{{{{{{ {AA{A{{{{{{{{{{ {{AA!A{{{{{{{{{

######A############
......AA...A.A....#
........A.AAA@....#
#################'# ##
## ## #'#
###.###.###.###### #.#
'.'##.'##.[##).[)###'#
..)'...'.=)')[...[##.#
#.###.###.##)..[).##'#
#'# #'# ####..[)[)##[#
#.###.###.###)[[.###'#


You could see 6 daevas and 3 angels.

Vanquished Creatures
  the Royal Jelly (D)
  Asmodeus (D)
  Gloorx Vloq (D)
  Dissolution (D)
  6 pandemonium lords (D)
  An orb of fire (D)
  An ancient lich (D)
  3 royal mummies (D)
  Boris (D)
  A Killer Klown (D)
  Margery (D)
  2 golden dragons (D)
  A curse toe (D)
  2 bone dragons (D)
  A profane servitor (D)
  Jory (D)
  2 electric golems (D)
  3 pearl dragons (D)
  2 Tzitzimimeh (D)
  3 Ice Fiends (D)
  5 Hell Sentinels (D)
  A lich (D)
  A deep elf master archer (D)
  An Executioner (D)
  4 titans (D)
  4 deep elf blademasters (D)
  A quicksilver dragon (D)
  Frances (D)
  2 sphinxes (D)
  Polyphemus (D)
  3 acid blobs (D)
  4 storm dragons (D)
  A draconian monk (D)
  3 shadow dragons (D)
  3 azure jellies (D)
  6 rockslimes (D)
  A draconian knight (D)
  3 deep elf sorcerers (D)
  3 fire giants (D)
  2 daevas (D)
  3 frost giants (D)
  3 nagarajas (D)
  An emperor scorpion (D)
  A balrug (D)
  Louise (D)
  4 draconian scorchers (D)
  A ghost moth (D)
  A draconian shifter (D)
  5 spriggan defenders (D)
  2 orc warlords (D)
  3 draconian annihilators (D)
  A draconian stormcaller (D)
  2 quicksilver oozes (D)
  4 stone giants (D)
  2 ophanim (D)
  A reaper (D)
  3 green draconians (D)
  A war gargoyle (D)
  A lorocyproca (D)
  2 black draconians (D)
  4 deep elf annihilators (D)
  2 apis (D)
  A deep elf demonologist (D)
  A purple draconian (D)
  A red draconian (D)
  2 yellow draconians (D)
  3 dire elephants (D)
  2 blizzard demons (D)
  A minotaur (D)
  2 ettins (D)
  2 green deaths (D)
  A merfolk javelineer (D)
  5 fire dragons (D)
  3 eidola (D)
  2 deep elf death magi (D)
  5 vault guards (D)
  A rakshasa (D)
  A great orb of eyes (D)
  16 hydras (D)
  6 ice dragons (D)
  2 hell beasts (D)
  3 ogre magi (D)
  2 spriggan air magi (D)
  A hydra (shapeshifter) (D)
  A death knight (D)
  An alligator snapping turtle (D)
  2 dancing weapons (D)
  8 two-headed ogres (D)
  5 catoblepae (D)
  3 death yaks (D)
  An anaconda (D)
  A naga warrior (D)
  2 deep elf knights (D)
  10 hell knights (D)
  5 iron trolls (D)
  2 fire crabs (D)
  A sea snake (D)
  A spriggan druid (D)
  2 deep trolls (D)
  2 bog bodies (D)
  3 necromancers (D)
  3 wizards (D)
  3 swamp dragons (D)
  12 orc knights (D)
  2 lindwurms (D)
  A deep elf zephyrmancer (D)
  A manticore (D)
  An orc sorcerer (D)
  A cyclops (D)
  A faun (shapeshifter) (D)
  2 black mambas (D)
  A merfolk siren (D)
  3 naga magi (D)
  3 guardian serpents (D)
  2 elephants (D)
  2 eyes of devastation (D)
  An orange demon (D)
  A smoke demon (D)
  An efreet (D)
  5 rime drakes (D)
  3 hellwings (D)
  An ice devil (D)
  3 komodo dragons (D)
  2 yaktaurs (D)
  A demonic crawler (D)
  A tormentor (D)
  2 guardian mummies (D)
  4 merfolk (D)
  A polar bear (D)
  A troll (D)
  A wind drake (D)
  2 tarantellas (D)
  A wandering mushroom (D)
  A snapping turtle (D)
  5 blink frogs (D)
  3 dream sheep (D)
  A jumping spider (D)
  A flying skull (D)
  A shadow (D)
  A wraith (D)
  A vampire (D)
  2 spriggans (D)
  3 wyverns (D)
  2 ynoxinuls (D)
  A yak (shapeshifter) (D)
  A fire bat (D)
  A fire elemental (D)
  A basilisk (D)
  Grum (D)
  A redback (D)
  5 steam dragons (D)
  Menkaure (D)
  4 wargs (D)
  4 acid dragons (D)
  6 nagas (D)
  4 swamp drakes (D)
  3 orc warriors (D)
  A sky beast (D)
  A black bear (D)
  2 ogres (D)
  7 wolves (D)
  A centaur (D)
  2 kobold brigands (D)
  6 killer bees (D)
  2 orc priests (D)
  2 orc wizards (D)
  2 hell rats (D)
  An adder (D)
  A river rat (D)
  A white imp (D)
  An ufetubus (D)
  An adder skeleton (D)
  7 orcs (D)
  A ball python (D)
  A giant cockroach (D)
  A hobgoblin (D)
  2 quokkas (D)
  3 bats (D)
  3 frilled lizards (D)
  3 giant cockroach zombies (D)
  A ball lightning (D)
422 creatures vanquished.

Vanquished Creatures (others)
  A daeva (D)
  An adder (D)
  An endoplasm (D)
  A bat simulacrum (D)
  A block of ice (D)
5 creatures vanquished.

Grand Total: 427 creatures vanquished

Notes
Turn   | Place    | Note
-------+----------+-------------------------------------------
     0 | D        | rocky1 the Formicid Fighter began the quest for the Orb.
     0 | D        | Reached XP level 1. HP: 18/18 MP: 1/1
    22 | D        | Found a bloodstained altar of Trog.
    22 | D        | Found a shimmering blue altar of Sif Muna.
    22 | D        | Found a viscous altar of Jiyva.
    22 | D        | Found a hazy altar of Hepliaklqana.
    22 | D        | Found an opulent altar of Gozag.
    23 | D        | Found a glowing golden altar of the Shining One.
    23 | D        | Found a glowing silver altar of Zin.
    23 | D        | Found a basalt altar of Yredelemnul.
    23 | D        | Found a shimmering altar of Xom.
    23 | D        | Found an ornate altar of the Wu Jian Council.
    23 | D        | Found a sacrificial altar of Ru.
    23 | D        | Found a stormy altar of Qazlal.
    23 | D        | Found an iron altar of Okawaru.
    23 | D        | Found a sparkling altar of Nemelex Xobeh.
    23 | D        | Found a burning altar of Makhleb.
    23 | D        | Found a blossoming altar of Fedhas.
    23 | D        | Found a white marble altar of Elyvilon.
    23 | D        | Found a shadowy altar of Dithmenos.
    23 | D        | Found a snail-covered altar of Cheibriados.
    27 | D        | Found a corrupted altar of Lugonu.
    27 | D        | Found a radiant altar of Vehumet.
    28 | D        | Found a broken altar of Ashenzari.
    28 | D        | Found an ancient bone altar of Kikubaaqudgha.
    28 | D        | Found a hide-covered altar of Uskayaw.
    34 | D        | Became a worshipper of Cheibriados the Contemplative
    82 | D        | Reached * piety under Cheibriados
   272 | D        | Reached skill level 1 in Invocations
   272 | D        | Reached XP level 2. HP: 25/25 MP: 2/2
   274 | D        | Reached ** piety under Cheibriados
   276 | D        | Reached skill level 1 in Dodging
   384 | D        | Reached *** piety under Cheibriados
   390 | D        | Reached skill level 5 in Shields
   390 | D        | Reached XP level 3. HP: 30/30 MP: 2/4
   457 | D        | Noticed an orc warrior
   457 | D        | Noticed a warg
   457 | D        | Noticed a kobold brigand
   471 | D        | Reached **** piety under Cheibriados
   476 | D        | Killed a warg
   477 | D        | Reached skill level 5 in Fighting
   477 | D        | Reached skill level 5 in Polearms
   477 | D        | Reached skill level 5 in Armour
   477 | D        | Reached XP level 4. HP: 9/39 MP: 4/7
   477 | D        | Reached XP level 5. HP: 10/44 MP: 4/8
   489 | D        | Killed a kobold brigand
   489 | D        | Reached ***** piety under Cheibriados
   490 | D        | Reached XP level 6. HP: 46/52 MP: 5/9
   498 | D        | Killed an orc warrior
   499 | D        | Reached skill level 5 in Invocations
   646 | D        | Noticed a sky beast
   650 | D        | Killed a sky beast
   651 | D        | Reached XP level 7. HP: 59/59 MP: 11/11
   653 | D        | Noticed a troll
   658 | D        | Killed a troll
   659 | D        | Reached skill level 5 in Dodging
   880 | D        | Noticed Menkaure
   880 | D        | Noticed a fire bat
   882 | D        | Killed a fire bat
   883 | D        | Reached XP level 8. HP: 58/68 MP: 7/13
   887 | D        | Killed Menkaure
  1030 | D        | Noticed a minotaur
  1030 | D        | Noticed a manticore
  1041 | D        | Killed a minotaur
  1042 | D        | Reached skill level 10 in Polearms
  1042 | D        | Reached skill level 10 in Shields
  1042 | D        | Reached XP level 9. HP: 15/76 MP: 8/15
  1042 | D        | Killed a manticore
  1465 | D        | Noticed a bog body
  1468 | D        | Killed a bog body
  1481 | D        | Noticed a demonic crawler
  1481 | D        | Noticed an ice devil
  1484 | D        | Killed a demonic crawler
  1485 | D        | Reached skill level 10 in Fighting
  1485 | D        | Reached XP level 10. HP: 65/85 MP: 6/17
  1485 | D        | Killed an ice devil
  1486 | D        | Reached skill level 10 in Armour
  1486 | D        | Reached skill level 10 in Invocations
  1559 | D        | Noticed an orange demon
  1567 | D        | Killed an orange demon
  1599 | D        | Noticed Grum
  1601 | D        | Noticed an efreet
  1605 | D        | Reached ****** piety under Cheibriados
  1606 | D        | Killed Grum
  1614 | D        | HP: 3/86 [efreet/+4 scimitar of flaming (7)]
  1616 | D        | Killed an efreet
  1968 | D        | Noticed a merfolk siren
  1974 | D        | Killed a merfolk siren
  2175 | D        | Noticed a black mamba
  2190 | D        | Killed a black mamba
  2191 | D        | Reached XP level 11. HP: 87/93 MP: 19/19
  2208 | D        | Noticed a two-headed ogre
  2218 | D        | Killed a two-headed ogre
  2396 | D        | Noticed a death yak
  2396 | D        | Noticed a death yak
  2396 | D        | Noticed a death yak
  2400 | D        | Killed a death yak
  2406 | D        | Killed a death yak
  2412 | D        | Killed a death yak
  2421 | D        | Reached skill level 15 in Polearms
  2574 | D        | Noticed a bog body
  2587 | D        | Killed a bog body
  2588 | D        | Reached skill level 10 in Dodging
  2634 | D        | Noticed a deep troll
  2634 | D        | Noticed a cyclops
  2638 | D        | Killed a cyclops
  2643 | D        | Killed a deep troll
  2644 | D        | Reached XP level 12. HP: 49/103 MP: 6/21
  3032 | D        | Noticed a deep troll
  3040 | D        | Killed a deep troll
  3041 | D        | Reached skill level 15 in Shields
  3225 | D        | Noticed a great orb of eyes
  3231 | D        | Killed a great orb of eyes
  3469 | D        | Noticed an eidolon
  3496 | D        | Killed an eidolon
  3505 | D        | Noticed a nagaraja
  3518 | D        | HP: 5/106 [constriction (1)]
  3523 | D        | Killed a nagaraja
  3917 | D        | Got the +2 pair of gloves of Shadows and Fog {Str+2}
  4087 | D        | Noticed a ghost moth
  4087 | D        | Noticed a fire giant
  4087 | D        | Noticed a six-headed hydra
  4087 | D        | Noticed a frost giant
  4093 | D        | Killed a ghost moth
  4093 | D        | Killed a six-headed hydra
  4094 | D        | Reached XP level 13. HP: 83/113 MP: 9/24
  4097 | D        | Killed a frost giant
  4098 | D        | Killed a fire giant
  4099 | D        | Reached skill level 15 in Invocations
  4463 | D        | Reached skill level 1 in Evocations
  4616 | D        | Noticed an orc warlord
  4616 | D        | Noticed an orc warlord
  4789 | D        | Reached skill level 15 in Fighting
  4798 | D        | Noticed a fire giant
  4813 | D        | Killed a fire giant
  4814 | D        | Reached skill level 15 in Armour
  4842 | D        | Noticed a vault guard
  4851 | D        | Killed a vault guard
  4852 | D        | Reached skill level 5 in Evocations
  5053 | D        | Noticed a vault guard
  5070 | D        | Killed a vault guard
  5094 | D        | Killed an orc warlord
  5330 | D        | Noticed a vault guard
  5330 | D        | Noticed a vault guard
  5357 | D        | Killed a vault guard
  5357 | D        | Killed a vault guard
  5358 | D        | Reached XP level 14. HP: 105/124 MP: 4/25
  5360 | D        | Killed an orc warlord
  5529 | D        | Got the +0 scale mail of the Vestibule of Hell {rF+ rC+
                  | Int+4}
  5629 | D        | Noticed a spriggan defender
  5631 | D        | Killed a spriggan defender
  5946 | D        | Noticed a green draconian
  6028 | D        | Killed a green draconian
  6255 | D        | Got Sif Muna's Papyrus of Meteoric Transmogrification
  6352 | D        | Noticed an apis
  6353 | D        | Noticed a purple draconian
  6362 | D        | Killed an apis
  6365 | D        | Noticed a lich
  6369 | D        | Noticed a black draconian knight
  6371 | D        | Killed a purple draconian
  6379 | D        | Killed a lich
  6380 | D        | Reached skill level 10 in Evocations
  6387 | D        | HP: 6/128 [black draconian knight/bolt of cold (4)]
  6394 | D        | Killed a black draconian knight
  6395 | D        | Reached skill level 5 in Ranged Weapons
  6395 | D        | Reached XP level 15. HP: 38/134 MP: 2/26
  6618 | D        | Noticed a yellow draconian annihilator
  6629 | D        | Killed a yellow draconian annihilator
  6664 | D        | Noticed a white draconian stormcaller
  6669 | D        | Killed a white draconian stormcaller
  6778 | D        | Noticed a red draconian scorcher
  6788 | D        | Killed a red draconian scorcher
  7068 | D        | Noticed a deep elf sorcerer
  7069 | D        | Noticed a green draconian monk
  7072 | D        | Killed a deep elf sorcerer
  7072 | D        | Noticed Margery
  7077 | D        | Killed a green draconian monk
  7083 | D        | Killed Margery
  7084 | D        | Reached skill level 15 in Dodging
  7147 | D        | Noticed a red draconian scorcher
  7152 | D        | Killed a red draconian scorcher
  7288 | D        | Noticed a sphinx
  7289 | D        | Noticed Frances
  7292 | D        | Noticed a nagaraja
  7294 | D        | Killed a sphinx
  7299 | D        | Killed Frances
  7303 | D        | Killed a nagaraja
  7304 | D        | Reached skill level 10 in Ranged Weapons
  7490 | D        | Got the Octavo of the Vapourous Assassin
  7508 | D        | Got the Handbook of Shadowy Cold
  7514 | D        | Got the Compendium of the Last Loafs
  7545 | D        | Got the amulet "Wabiobeg" {Spirit *Corrode MP+9 SInv
                  | Stlth+}
  7547 | D        | Got the amulet of Midnight {Will++ Regen+ Stlth-}
  7549 | D        | Got the amulet of the Ant {Spirit Contam +Inv rPois rF+}
  7551 | D        | Got the ring of the Republic {Wiz Int+3 Dex+6}
  7553 | D        | Got the ring of Conversion {Wiz +Blink rPois rF- Dex+7}
  7557 | D        | Got the ring of Dusiunu {*Corrode Drain rPois rF+ Int+9}
  7559 | D        | Got the ring "Zealiulo" {rC+ rN+}
  7563 | D        | Got the ring "Nyginag" {Int+6 Stlth+}
  7565 | D        | Got the ring "Puettou" {rElec Will+ Str+4 Dex-4}
  7567 | D        | Got the ring of Veqall {Ice rN++}
  7569 | D        | Got the ring of Lijeod Nynu {rF+ Str+5 Int-2 Dex+6 Stlth+}
  7573 | D        | Got the ring "Qury" {rN+ Slay+5}
  7575 | D        | Got the amulet of Adobbuse {Faith Str+4 Slay+3}
  7577 | D        | Got the amulet of Greed {RegenMP +Inv}
  7579 | D        | Got the amulet of Jaxkye {Reflect Harm rF- Str+5 SH+5}
  7581 | D        | Got the ring of Viji {rN+ MP+9}
  7583 | D        | Got the ring of Juxkuagi {rF+ rN+ Will+ Dex-4}
  7585 | D        | Got the amulet "Plog" {Reflect rElec Will- Int+6 SH+5}
  7587 | D        | Got the ring "Othir" {rC+ rCorr Int+3 SInv}
  7589 | D        | Got the amulet of Jaeda {Spirit Harm rCorr Dex+4 Stlth-}
  7591 | D        | Got the amulet "Bifac" {Faith Slay+4}
  7595 | D        | Got the amulet "Vuteler" {RegenMP +Inv}
  7597 | D        | Got the ring "Xytyss" {rPois Will+}
  7680 | D        | Learned a level 5 spell: Silence
  7689 | D        | Learned a level 8 spell: Ignition
  7947 | D        | Noticed a balrug
  7950 | D        | Killed a balrug
  8059 | D        | Noticed a deep elf sorcerer
  8078 | D        | Reached XP level 16. HP: 109/145 MP: 6/27
  8211 | D        | Noticed Polyphemus
  8211 | D        | Noticed an emperor scorpion
  8211 | D        | Noticed a shadow dragon
  8218 | D        | Killed Polyphemus
  8224 | D        | Killed an emperor scorpion
  8226 | D        | Noticed a nagaraja
  8231 | D        | Killed a shadow dragon
  8234 | D        | Killed a deep elf sorcerer
  8246 | D        | Killed a nagaraja
  8340 | D        | Noticed a frost giant
  8346 | D        | Killed a frost giant
  8527 | D        | Found the +9 staff of Olgreb {rPois∞}
  8529 | D        | Noticed Louise
  8558 | D        | Killed Louise
  8664 | D        | Noticed a bone dragon
  8674 | D        | Killed a bone dragon
  8827 | D        | Noticed a fire giant
  8835 | D        | Killed a fire giant
  8950 | D        | Noticed a deep elf sorcerer
  8950 | D        | Noticed a royal mummy
  8951 | D        | Noticed an emperor scorpion
  8951 | D        | Noticed an emperor scorpion
  8951 | D        | Noticed an emperor scorpion
  8953 | D        | Noticed an emperor scorpion
  8956 | D        | Killed a deep elf sorcerer
  8969 | D        | Killed a royal mummy
  8970 | D        | Reached skill level 15 in Ranged Weapons
  9102 | D        | Got the +6 chain mail "Uguz" {rElec rPois}
  9252 | D        | Noticed a golden dragon
  9257 | D        | Reached XP level 17. HP: 158/158 MP: 3/28
  9470 | D        | Killed a golden dragon
  9701 | D        | Got a silver rune of Zot
  9710 | D        | Got the amulet "Peugysm" {Spirit Int+7}
  9732 | D        | Got the +8 giant club of Ewedam {vorpal, rElec rPois rF+
                  | rC+}
  9871 | D        | Noticed Joaph the pandemonium lord
  9937 | D        | Killed Joaph the pandemonium lord
 10127 | D        | Noticed Gloorx Vloq
 10128 | D        | Noticed an Executioner
 10128 | D        | Noticed an Executioner
 10131 | D        | Noticed an Executioner
 10131 | D        | Noticed an Executioner
 10133 | D        | Noticed an Executioner
 10133 | D        | Noticed an Executioner
 10135 | D        | Noticed an Executioner
 10135 | D        | Noticed an Executioner
 10137 | D        | Killed Gloorx Vloq
 10138 | D        | Reached skill level 10 in Maces & Flails
 10529 | D        | Noticed Wuotteth the pandemonium lord
 10535 | D        | Killed Wuotteth the pandemonium lord
 10669 | D        | Noticed Plog the pandemonium lord
 10687 | D        | Killed Plog the pandemonium lord
 10688 | D        | Reached skill level 15 in Maces & Flails
 10806 | D        | Noticed a shadow dragon
 10806 | D        | Noticed a bone dragon
 10806 | D        | Noticed a titan
 10806 | D        | Noticed an electric golem
 10818 | D        | Killed an electric golem
 10819 | D        | Reached XP level 18. HP: 161/170 MP: 20/29
 10825 | D        | Killed a bone dragon
 10833 | D        | Killed a titan
 10865 | D        | Noticed the Royal Jelly
 10867 | D        | Noticed an acid blob
 10873 | D        | Killed an acid blob
 10874 | D        | Noticed an acid blob
 10875 | D        | Noticed an acid blob
 10878 | D        | Killed the Royal Jelly
 10879 | D        | Killed an acid blob
 10882 | D        | Killed an acid blob
 10973 | D        | Noticed Zitagiz the pandemonium lord
 10998 | D        | Killed Zitagiz the pandemonium lord
 11028 | D        | Noticed Jory
 11034 | D        | Killed Jory
 11035 | D        | Reached skill level 5 in Axes
 11037 | D        | Noticed a Tzitzimitl
 11042 | D        | Killed a Tzitzimitl
 11414 | D        | Noticed a Hell Sentinel
 11422 | D        | Killed a Hell Sentinel
 11666 | D        | Noticed a Tzitzimitl
 11673 | D        | Killed a Tzitzimitl
 11678 | D        | Identified the +1 tower shield of Roleeqam {Dex+2}
 11771 | D        | Noticed a Hell Sentinel
 11772 | D        | Reached skill level 10 in Axes
 11823 | D        | Noticed a quicksilver dragon
 11829 | D        | Killed a quicksilver dragon
 12239 | D        | Noticed a Hell Sentinel
 12246 | D        | Killed a Hell Sentinel
 12293 | D        | Reached skill level 15 in Axes
 12417 | D        | Noticed an ancient lich
 12417 | D        | Noticed a curse toe
 12423 | D        | Killed an ancient lich
 12424 | D        | Reached XP level 19. HP: 176/176 MP: 10/30
 12426 | D        | Noticed Boris
 12429 | D        | Killed a curse toe
 12448 | D        | Killed Boris
 12495 | D        | Got the ring "Mousah" {MP+9 Str-3 Dex+7}
 12497 | D        | Got the ring "Kanubbi" {+Blink rF+ rC+ rN++ MP-9}
 12499 | D        | Got the amulet "Elyre" {Faith Will+}
 12501 | D        | Got the ring of Girag {rF+ rC+ Will+ Slay-3 Stlth+}
 12503 | D        | Got the ring "Ynox" {Wiz rPois}
 12505 | D        | Got the amulet "Etrumeha" {Faith rN+}
 12507 | D        | Got the ring "Suehirug" {Fire rElec rN+ Dex+4}
 12509 | D        | Got the ring "Ocuil" {Will+ Int+7}
 12564 | D        | Got the +7 glaive of World's End {vorpal, rC+ Will+ Str+3}
 12606 | D        | Reached skill level 1 in Spellcasting
 12606 | D        | Reached skill level 1 in Fire Magic
 12654 | D        | Noticed a deep elf blademaster
 12654 | D        | Noticed a pearl dragon
 12657 | D        | Killed a deep elf blademaster
 12660 | D        | Killed a pearl dragon
 12778 | D        | Noticed Dissolution
 12787 | D        | Killed Dissolution
 12788 | D        | Reached skill level 5 in Spellcasting
 12788 | D        | Reached skill level 5 in Fire Magic
 12805 | D        | Noticed a profane servitor
 12812 | D        | Killed a profane servitor
 12817 | D        | Noticed a Hell Sentinel
 12823 | D        | Killed a Hell Sentinel
 12826 | D        | Found the +7 sceptre of Asmodeus
 12826 | D        | Noticed Asmodeus
 12837 | D        | Noticed a Brimstone Fiend
 12847 | D        | Killed Asmodeus
 13152 | D        | Noticed a deep elf blademaster
 13164 | D        | Killed a deep elf blademaster
 13184 | D        | Noticed an electric golem
 13190 | D        | Killed an electric golem
 13191 | D        | Noticed a Killer Klown
 13191 | D        | Noticed a deep elf blademaster
 13198 | D        | Killed a deep elf blademaster
 13198 | D        | Noticed an Ice Fiend
 13210 | D        | Killed an Ice Fiend
 13214 | D        | Killed a Killer Klown
 13314 | D        | Noticed a titan
 13320 | D        | Killed a titan
 13321 | D        | Reached skill level 10 in Spellcasting
 13321 | D        | Reached skill level 10 in Fire Magic
 13322 | D        | Noticed a titan
 13331 | D        | Noticed a Hell Sentinel
 13333 | D        | Killed a titan
 13337 | D        | Killed a Hell Sentinel
 13341 | D        | Noticed a Hell Sentinel
 13351 | D        | Killed a Hell Sentinel
 13351 | D        | Noticed a golden dragon
 13354 | D        | Noticed Kioso the pandemonium lord
 13355 | D        | Noticed an orb of fire
 13356 | D        | Killed a golden dragon
 13357 | D        | Reached XP level 20. HP: 171/191 MP: 24/35
 13360 | D        | Gained mutation: Your body sometimes deteriorates upon
                  | taking damage. [an orb of fire]
 13361 | D        | Killed an orb of fire
 13362 | D        | Killed Kioso the pandemonium lord
 13368 | D        | Noticed a royal mummy
 13378 | D        | Killed a royal mummy
 13391 | D        | Noticed a pearl dragon
 13400 | D        | Killed a pearl dragon
 13402 | D        | Noticed Esmi the pandemonium lord
 13404 | D        | HP: 2/193 [Esmi the pandemonium lord/great icy blast (34)]
 13414 | D        | HP: 6/193 [Esmi the pandemonium lord/great icy blast (33)]
 13417 | D        | Killed Esmi the pandemonium lord
 13432 | D        | Noticed an Ice Fiend
 13433 | D        | Noticed a royal mummy
 13443 | D        | Killed an Ice Fiend
 13453 | D        | Killed a royal mummy
 13651 | D        | Noticed an Ice Fiend
 13655 | D        | Killed an Ice Fiend
 13683 | D        | Found the +3 pair of mountain boots {steadfast, rC+}
 13685 | D        | Noticed a pearl dragon
 13690 | D        | Killed a pearl dragon
 13706 | D        | Got the amulet "Kecun" {Reflect +Blink rElec rPois Dex-5
                  | SH+5}
 13727 | D        | Got the amulet of Fukluass {Spirit Int+3}
 13729 | D        | Got the ring "Oraruakh" {rC+ Int+4 Dex+6 Stlth+}
 13732 | D        | Got the ring of Autotheism {rCorr Str-2 Dex+2 SInv}
 13734 | D        | Got the ring of the Black Skies {Wiz rPois rC- Dex+3}
 13740 | D        | Got an iron rune of Zot
 13743 | D        | Got the amulet of Ticali Hiost {Faith Int+8}
 13748 | D        | Got the ring of Spite {Str+4 Int+6 SInv}
 13909 | D        | Lost mutation: Your body sometimes deteriorates upon taking
                  | damage. [potion of mutation]
 13909 | D        | Gained mutation: Your flesh is cold resistant. (rC+)
                  | [potion of mutation]
 13915 | D        | Noticed a pearl dragon
 13921 | D        | Killed from afar by a daeva

Illustrated notes

Levels and vault maps discovered:
D:        pitsprint [storerooms_1, entrance_room_1, metal_vault_5, armoury_1,
          mini_pit_1, grid_room_1, main_hall_1, silver_pit, the_coven_2,
          the_vestibule_1, steel_vault_4, golden_pit, hallway_of_sentries,
          crystal_vault_1, iron_vault_4, final_vault]

Skill      XL: |  1  2  3  4  5  6  7  8  9 10 11 12 13 14 15 16 17 18 19 20 |
---------------+-------------------------------------------------------------+-----
Invocations    | 1 2 4 6 7 8 9 11 13 14 15 | 15.0
Dodging        | 1 3 4 5 6 7 8 10 11 12 14 15 18 19 21 22 | 22.5
Polearms       | 3 5 6 7 9 10 12 13 15 17 19 21 23 24 | 24.0
Fighting       | 4 5 6 7 9 10 11 12 14 15 17 18 21 22 25 26 | 26.4
Armour         | 4 5 6 7 9 11 12 14 15 17 18 21 22 25 26 | 26.4
Shields        | 5 6 7 8 9 10 11 13 14 16 18 20 22 24 26 | 26.3
Evocations     | 6 10 12 | 12.0
Ranged Weapons | 5 12 16 17 19 | 19.3
Maces & Flails | 17 25 26 | 26.5
Axes           | 16 17 | 17.8
Spellcasting   | 11 14 | 14.2
Fire Magic     | 11 14 | 14.2

Action                   |  1- 3 |  4- 6 |  7- 9 | 10-12 | 13-15 | 16-18 | 19-21 || total
-------------------------+-------+-------+-------+-------+-------+-------+-------++-------
Melee: Trident           |    39 |    30 |    13 |       |       |       |       ||    82
       Halberd           |       |       |     5 |   175 |   236 |       |       ||   416
       Bardiche          |       |       |       |       |     5 |   550 |    32 ||   587
       Glaive            |       |       |       |       |       |       |   232 ||   232
 Fire: Arbalest          |       |       |       |       |     5 |     5 |       ||    10
Throw: Javelin           |       |       |       |     1 |       |       |       ||     1
Invok: Slouch            |       |       |     9 |    20 |    53 |    42 |    10 ||   134
 Abil: Dig               |       |       |       |       |       |       |     1 ||     1
Evoke: Lightning rod     |       |       |       |       |     4 |       |       ||     4
  Use: Potion            |     1 |     1 |     3 |     8 |    18 |     7 |    11 ||    49
       Scroll            |       |       |       |       |     2 |       |       ||     2
 Stab: Invisible         |       |     2 |       |       |     2 |       |       ||     4
       Distracted        |       |       |       |       |     1 |       |       ||     1
       Petrified         |       |       |       |       |       |    10 |       ||    10
       Petrifying        |       |       |       |       |       |     5 |       ||     5
Armor: Scale mail        |     8 |       |     3 |    24 |    19 |    14 |       ||    68
       Ring mail         |     3 |     3 |     5 |       |       |       |       ||    11
       Chain mail        |       |       |       |       |       |    92 |    47 ||   139
Dodge: Dodged            |    17 |    13 |    27 |   111 |    91 |   221 |    95 ||   575
Block: Buckler           |    11 |     8 |    14 |    68 |    26 |       |       ||   127
       Tower shield      |       |       |       |       |   168 |   512 |   261 ||   941

Table legend: (Time is in decaauts) A = Elapsed time spent in this place. B = Non-inter-level travel time spent in this place. C = Inter-level travel time spent in this place. D = Time resting spent in this place. E = Time spent auto-exploring this place. F = Levels seen in this place. G = Mean time per level. A B C D E F G +--------+--------+--------+--------+--------+-----+--------+ Total | 16345 | 15501 | 844 | 8821 | 0 | 1 | 16345.0 | Dungeon | 16345 | 15501 | 844 | 8821 | 0 | 1 | 16345.0 | +--------+--------+--------+--------+--------+-----+--------+

Top non-repeatable levels by time:
       D: 16345 daAuts
